 Dungeon Crawl Stone Soup version 0.30-a0-883-g5ad918d77d (webtiles) character file.

Game seed: 11886615638194002327

2233640 oldriver the Metallomancer (level 27, 258/258 HPs)
             Began as a Grey Draconian Earth Elementalist on Mar 17, 2023.
             Was the Champion of Vehumet.
             Escaped with the Orb
             ... and 4 runes!
             The game lasted 02:48:46 (78949 turns).

oldriver the Metallomancer (DrEE)                  Turns: 78949, Time: 02:48:46

Health: 258/258    AC: 24    Str: 16    XL:     27
Magic:  51/52      EV: 21    Int: 32    God:    Vehumet [******]
Gold:   3979       SH: 32    Dex: 20    Spells: 13/77 levels left

rFire   + + +      SeeInvis .    E - +2 morningstar "Lonek" {heavy, Fragile rPois rC+++ Dex+3}
rCold   + + +      Faith    .    j - +18 shield of the Gong {Loud rN+ Will+ rCorr EV-5}
rNeg    + + +      Spirit   .    (body armour unavailable)
rPois   +          Reflect  .    X - +0 hat of Xom's Felicitations {Contam rF+ Str+2 Dex+7}
rElec   +          Rampage  .    c - +0 cloak of Panentheism {rF+ Str+4 Int+2 Dex-2}
rCorr   +                        I - +1 pair of gloves of Seoskeps {rElec}
Will    ++++.                    n - +2 pair of boots {Stlth+}
Stlth   ++                       V - amulet of Vitality {RegenMP++ Regen++}
HPRegen 2.23/turn                W - ring "Osirov" {rF+++ rC+++ Will+ EV+5 Str-2}
MPRegen 1.13/turn                o - ring "Zyem" {Wiz Fly rC- rN+++}

@: flying, studying 3 skills
A: AC +18, amphibious, unfitting armour, cold-blooded, clever 1
0: Orb of Zot
}: 4/15 runes: decaying, serpentine, slimy, silver
a: Renounce Religion


You escaped.
You worshipped Vehumet.
Vehumet was exalted by your worship.
You visited 13 branches of the dungeon, and saw 57 of its levels.
You visited Pandemonium 1 time, and saw 1 of its levels.
You visited the Abyss 1 time.
You visited 1 ziggurat, and saw 14 of its levels.
You also visited: Ossuary, Bailey and Gauntlet.

You collected 8710 gold pieces.
You spent 4731 gold pieces at shops.

Inventory:

Hand Weapons
 E - the +2 morningstar "Lonek" (weapon) {heavy, Fragile rPois rC+++ Dex+3}
   (You found it on level 9 of a ziggurat)

   Dex:       It affects your dexterity (+3).
   rC:        It renders you almost immune to cold.
   rPois:     It protects you from poison.
   Fragile:   It will be destroyed if unequipped.
Missiles
 b - 9 throwing nets
Armour
 c - the +0 cloak of Panentheism (worn) {rF+ Str+4 Int+2 Dex-2}
   (You found it on level 3 of the Dungeon)

   Str:       It affects your strength (+4).
   Int:       It affects your intelligence (+2).
   Dex:       It affects your dexterity (-2).
   rF:        It protects you from fire.
 j - the +18 shield of the Gong (worn) {Loud rN+ Will+ rCorr EV-5}
   (You found it on level 12 of a ziggurat)

   Loud:      It is deafeningly noisy when blocking attacks.
   EV:        It affects your evasion (-5).
   rN:        It protects you from negative energy.
   rCorr:     It protects you from acid and corrosion.
   Will:      It increases your willpower.
 n - a +2 pair of boots of stealth (worn)
 I - the +1 pair of gloves of Seoskeps (worn) {rElec}
   (You found it on level 2 of the Depths)

   rElec:     It insulates you from electricity.
 X - the +0 hat of Xom's Felicitations (worn) {Contam rF+ Str+2 Dex+7}
   (You found it on level 14 of the Dungeon)

   Str:       It affects your strength (+2).
   Dex:       It affects your dexterity (+7).
   rF:        It protects you from fire.
   Contam:    It causes magical contamination when unequipped.
Magical Staves
 B - a staff of earth
Jewellery
 o - the ring "Zyem" (right hand) {Wiz Fly rC- rN+++}
   (You bought it in a shop on level 2 of the Snake Pit)

   [ring of wizardry]

   It improves your spell success rate.
   rC:        It makes you vulnerable to cold.
   rN:        It renders you almost immune to negative energy.
   Fly:       It grants you flight.
 O - the ring "Atopn" {rElec rF+ rN+ Int-2 Slay+4}
   (You found it on level 6 of a ziggurat)

   [ring of positive energy]

   Int:       It affects your intelligence (-2).
   Slay:      It affects your accuracy & damage with ranged weapons and melee
   (+4).
   rF:        It protects you from fire.
   rElec:     It insulates you from electricity.
   rN:        It protects you from negative energy.
 U - the ring "Ughokih" {rElec rPois rC+ Str+6 Dex+3}
   (You acquired it on level 2 of the Realm of Zot)

   [ring of strength]

   Str:       It affects your strength (+6).
   Dex:       It affects your dexterity (+3).
   rC:        It protects you from cold.
   rElec:     It insulates you from electricity.
   rPois:     It protects you from poison.
 V - the amulet of Vitality (around neck) {RegenMP++ Regen++}
   (You found it on level 3 of the Elven Halls)

   [amulet of magic regeneration]

   It increases your rate of magic regeneration.
   Regen:     It increases your rate of health regeneration.
 W - the ring "Osirov" (left hand) {rF+++ rC+++ Will+ EV+5 Str-2}
   (You found it on level 5 of the Pits of Slime)

   [ring of evasion]

   EV:        It affects your evasion (+5).
   Str:       It affects your strength (-2).
   rF:        It renders you almost immune to fire.
   rC:        It renders you almost immune to cold.
   Will:      It increases your willpower.
Wands
 i - a wand of roots (62)
 p - a wand of flame (8)
 u - a wand of digging (17)
 w - a wand of polymorph (6)
 J - a wand of acid (17)
 R - a wand of charming (54)
 S - a wand of mindburst (12)
Scrolls
 f - 19 scrolls of fog
 g - 26 scrolls of teleportation
 h - 4 scrolls of summoning
 t - 3 scrolls of enchant weapon
 v - 15 scrolls of vulnerability
 y - 13 scrolls of poison
 z - 6 scrolls of amnesia
 A - 14 scrolls of blinking
 H - 11 scrolls of fear
 K - 3 scrolls of brand weapon
 P - 18 scrolls of magic mapping
Potions
 a - 7 potions of magic
 d - 40 potions of curing
 e - 16 potions of heal wounds
 m - 4 potions of resistance
 r - 13 potions of flight
 s - 7 potions of haste
 C - 13 potions of might
 D - 15 potions of mutation
 F - 6 potions of berserk rage
 G - 5 potions of invisibility
 M - 3 potions of brilliance
 Q - 6 potions of cancellation
Miscellaneous
 k - a condenser vane
 L - a phantom mirror
 Y - a lightning rod (4/4)
 Z - a tin of tremorstones (2/2)


   Skills:
 + Level 23.3 Fighting
 - Level 14.0 Dodging
 - Level 6.0 Stealth
 - Level 15.0 Shields
 + Level 25.9 Spellcasting
 + Level 17.8 Conjurations
 - Level 10.0 Summonings
 - Level 1.0 Transmutations
 - Level 18.0 Fire Magic
 - Level 26.0 Earth Magic
 - Level 5.0 Poison Magic
 + Level 10.8 Evocations


You had 13 spell levels left.
You knew the following spells:

 Your Spells              Type           Power      Damage    Failure   Level
a - Fire Storm            Conj/Fire      51%        8d13      8%          9
b - Passwall              Tmut/Erth      75%        N/A       0%          2
c - Lehudib's Crystal Sp  Conj/Erth      55%        10d13     1%          8
d - Irradiate             Conj/Tmut      40%        3d25      1%          5
i - Ignition              Fire           51%        3d14      1%          8
l - Lee's Rapid Deconstr  Erth           59%        3d27*     0%          5
p - Iron Shot             Conj/Erth      55%        9d10      0%          6
s - Spellforged Servitor  Conj/Summ      46%        N/A       1%          7
v - Borgnjor's Vile Clut  Necr/Erth      45%        N/A       1%          5
z - Shatter               Erth           59%        3d44*     1%          9

Your spell library contained the following spells:

 Spells                   Type           Power      Damage    Failure   Level
 Foxfire                  Conj/Fire      100%       2x1d9     0%          1
 Magic Dart               Conj           100%       1d8       0%          1
 Sandblast                Erth           100%       2d20      0%          1
 Summon Small Mammal      Summ           100%       N/A       0%          1
 Stone Arrow              Conj/Erth      100%       3d13      0%          3
 Sticky Flame             Conj/Fire      100%       2d11      0%          4
 Fireball                 Conj/Fire      51%        3d20      0%          5
 Iskenderun's Battlesphe  Conj           100%       2d15      0%          5
 Apportation              Tloc           82%        N/A       1%          1
 Necrotise                Necr           100%       1d9       1%          1
 Shock                    Conj/Air       100%       1d9       1%          1
 Sting                    Tmut/Pois      100%       1d8       1%          1
 Blink                    Tloc           82%        N/A       1%          2
 Call Imp                 Summ           81%        N/A       1%          2
 Cigotuvi's Dreadful Rot  Necr/Pois/Air  100%       N/A       1%          2
 Ensorcelled Hibernation  Hex/Ice        82%        N/A       1%          2
 Poisonous Vapours        Pois/Air       100%       N/A       1%          2
 Sublimation of Blood     Necr           41%        N/A       1%          2
 Call Canine Familiar     Summ           81%        N/A       1%          3
 Confusing Touch          Hex            41%        N/A       1%          3
 Dazzling Flash           Conj/Hex       100%       N/A       1%          3
 Gell's Gravitas          Tloc           41%        N/A       1%          3
 Hailstorm                Conj/Ice       78%        3d16      1%          3
 Ignite Poison            Fire/Tmut/Pois 75%        N/A       1%          3
 Inner Flame              Hex/Fire       78%        N/A       1%          3
 Kindle Blastsparks       Fire/Tloc/Air  100%       2d18      1%          3
 Mephitic Cloud           Conj/Pois/Air  74%        N/A       1%          3
 Portal Projectile        Hex/Tloc       82%        N/A       1%          3
 Spider Form              Tmut/Pois      57%        N/A       1%          3
 Summon Guardian Golem    Hex/Summ       65%        N/A       1%          3
 Swiftness                Air            41%        N/A       1%          3
 Teleport Other           Tloc           41%        N/A       1%          3
 Tukima's Dance           Hex            41%        N/A       1%          3
 Vampiric Draining        Necr           41%        2d8       1%          3
 Vhi's Electric Charge    Tloc/Air       82%        N/A       1%          3
 Fulminant Prism          Conj/Hex       39%        3d17      1%          4
 Iskenderun's Mystic Bla  Conj/Tloc      78%        2d16      1%          4
 Leda's Liquefaction      Hex/Erth       45%        N/A       1%          4
 Olgreb's Toxic Radiance  Pois           65%        N/A       1%          4
 Petrify                  Tmut/Erth      91%        N/A       1%          4
 Summon Ice Beast         Ice/Summ       65%        N/A       1%          4
 Summon Lightning Spire   Summ/Air       65%        N/A       1%          4
 Arcjolt                  Conj/Air       39%        1d49      1%          5
 Freezing Cloud           Conj/Ice/Air   34%        6-21      1%          5
 Summon Forest            Summ/Tloc      32%        N/A       1%          5
 Conjure Ball Lightning   Conj/Air       39%        3x3d13    1%          6
 Starburst                Conj/Fire      51%        6d14      1%          6
 Statue Form              Tmut/Erth      60%        N/A       1%          6
 Summon Cactus Giant      Summ           40%        N/A       1%          6
 Ice Form                 Ice/Tmut       44%        N/A       3%          4
 Alistair's Intoxication  Tmut/Pois      38%        N/A       3%          5
 Yara's Violent Unravell  Hex/Tmut       22%        3d10      3%          5
 Anguish                  Hex/Necr       20%        N/A       4%          4
 Animate Dead             Necr           41%        N/A       4%          4
 Cause Fear               Hex            20%        N/A       4%          4
 Dispel Undead            Necr           41%        3d16      4%          4
 Manifold Assault         Tloc           41%        N/A       4%          4
 Passage of Golubria      Tloc           41%        N/A       4%          4
 Eringya's Noxious Bog    Tmut/Pois      28%        N/A       5%          6
 Monstrous Menagerie      Summ           40%        N/A       6%          7
 Summon Hydra             Summ           40%        N/A       6%          7
 Blade Hands              Tmut           23%        N/A       8%          5
 Agony                    Necr           41%        N/A       12%         5
 Silence                  Hex/Air        20%        N/A       12%         5
 Haunt                    Necr/Summ      32%        N/A       41%         7
 Malign Gateway           Summ/Tloc      32%        N/A       41%         7
 Summon Horrible Things   Summ           40%        N/A       41%         8
 Death Channel            Necr           20%        N/A       52%         6
 Dispersal                Tloc           20%        N/A       52%         6
 Simulacrum               Ice/Necr       20%        N/A       52%         6
 Ozocubu's Refrigeration  Ice            20%        4d12      58%         7
 Chain Lightning          Conj/Air       39%        3d52      89%         9
 Dragon Form              Tmut           23%        N/A       90%         7
 Storm Form               Tmut/Air       22%        N/A       94%         7
 Enfeeble                 Hex            20%        N/A       96%         7
 Maxwell's Capacitive Co  Air            20%        ∞         99%         8
 Dragon's Call            Summ           40%        N/A       99%         9
 Discord                  Hex            20%        N/A       100%        8
 Disjunction              Tloc           20%        N/A       100%        8
 Infestation              Necr           20%        N/A       100%        8
 Polar Vortex             Ice            20%        N/A       100%        9
 Animate Armour           Summ/Erth      Unusable   N/A       N/A         4

Dungeon Overview and Level Annotations

Branches:
Dungeon (15/15)            Temple (1/1) D:7            Lair (5/5) D:11
  Swamp (4/4) Lair:3        Snake (4/4) Lair:2        Slime (5/5) Lair:5
    Orc (2/2) D:12            Elf (3/3) Orc:2        Vaults (5/5) D:14
  Crypt (3/3) Vaults:2       Tomb (0/3) Crypt:3      Depths (4/4) D:15
   Hell (visited)             Dis (0/7) Hell            Geh (0/7) Hell
    Coc (0/7) Hell            Tar (0/7) Hell            Zot (5/5) Depths:4
Ossuary (visited)          Bailey (visited)         Gauntlet (visited)

Altars:
Ashenzari
Cheibriados
Dithmenos
Elyvilon
Fedhas
Gozag
Hepliaklqana
Kikubaaqudgha
Makhleb
Nemelex Xobeh
Okawaru
Qazlal
Ru
Sif Muna
Trog
Uskayaw
Vehumet
Wu Jian
Xom
Yredelemnul
Zin
The Shining One
Jiyva

Shops:
D:3 *   D:11 (((*(   D:12 *[(   Orc:2 ([=?   Elf:1 *   Elf:3 !   Snake:1 :
Snake:2 ==:   Snake:4 ?(((=   Vaults:3 (   Depths:3 *   Depths:4 !

Portals:
Hell: Depths:1 Depths:2 Depths:3 Depths:4
Abyss: Depths:3
Pandemonium: Depths:2
Trove: D:12 (give 6 scrolls of fog)

Annotations:
D:8 exclusion: oklob plant
Swamp:3 2 transporters, Fiugearo's ghost, adept MiFi
Elf:1 6 runed translucent doors
Depths:2 2 transporters
Zot:1 2 transporters
Zot:4 1 runed translucent door, Dawneret's ghost, master GnFi


Innate Abilities, Weirdness & Mutations

Your dull iron-grey scales are very hard. (AC +18)
You are amphibious.
You cannot fit into any form of body armour.
You are cold-blooded and may be slowed by cold attacks.
Your mind is acute. (Int +4, Str/Dex -1)


Message History

An Orb Guardian comes into view.
The iron shot hits the Orb Guardian!!!
The Orb Guardian is heavily wounded.
The iron shot hits the Orb Guardian!!!
You kill the Orb Guardian!
Vehumet accepts your kill.
You feel your power returning.
You can't see any susceptible monsters within range! (Use Z to cast anyway.)
There is a stone staircase leading up here.
You fly upwards.
There is a stone staircase leading down here.
(D) Dungeon (T) Temple (L) Lair (S) Swamp (P) Snake Pit (M) Slime Pits (O) Orcish Mines (E) Elven Halls (V) Vaults (C) Crypt (W) Tomb (U) Depths (H) Hell (I) Dis (G) Gehenna (X) Cocytus (Y) Tartarus (Z) Zot
Where to? (Enter - D:1, ? - help)
What level of the Dungeon? (default 1, ? - help) You're already here!
An Orb Guardian comes into view.
The iron shot hits the Orb Guardian!!
The Orb Guardian is moderately wounded.
The iron shot hits the Orb Guardian!!!
The Orb Guardian is almost dead.
You block the Orb Guardian's attack.
GONNNNG!
You hear a roar!
The iron shot hits the Orb Guardian!!!
You kill the Orb Guardian!
Vehumet accepts your kill.
You feel your power returning.
(D) Dungeon (T) Temple (L) Lair (S) Swamp (P) Snake Pit (M) Slime Pits (O) Orcish Mines (E) Elven Halls (V) Vaults (C) Crypt (W) Tomb (U) Depths (H) Hell (I) Dis (G) Gehenna (X) Cocytus (Y) Tartarus (Z) Zot
Where to? (Enter - D:1 @ (x,y), ? - help)
There is a fountain of clear blue water here.
There is an open door here.
There is a staircase leading out of the dungeon here.
You have escaped!

..#.##.# ####.### ######### #
.....#.#### #......# #...(...# #
#.#.......###.##.#.####.#####.###
#.#.##.#.........................
.......##.###.##.#..##...#.##.###
.......##.# #.......#.###..##.###
###.##.##.# #.⌠...⌠..## ##....##.
..........# #..###....###.###.##.
.♣......### #..'@#..##.#......##.
..⌠.#...# #..###..###.##)..###.
.♣..#...#####.⌠...⌠.........#...#
...##...#...#.......#.#...###...#
.............###....#.#..#...#.#.
........>..............###...#.#.
.........................#...#.#.
#####...#....#......###...###...#
#...####.#.##......#[....#.#.


There were no monsters in sight!

Vanquished Creatures
  the Royal Jelly (Slime:5)
  2 dread liches
  5 ancient liches (Zot:5)
  Mennas (Depths:3)
  Mara (Vaults:5)
  2 orbs of fire (Zot:5)
  2 juggernauts
  5 royal mummies
  Vv (Depths:2)
  the Lernaean hydra (Swamp:4)
  3 Killer Klowns (Zot:5)
  Xtahua (Vaults:5)
  4 curse toes
  Geryon (Hell)
  4 golden dragons
  A profane servitor (Crypt:3)
  4 bone dragons
  3 doom hounds (Hell)
  A Brimstone Fiend (D:7)
  4 electric golems
  2 iron giants
  4 Tzitzimimeh
  An Ice Fiend (D:7)
  6 liches
  10 tentacled monstrosities
  2 Hell Sentinels (Zig:8)
  21 Orb Guardians
  A walking earthen tome (Depths:4)
  6 quicksilver dragons
  3 deep elf blademasters
  3 titans (Vaults:5)
  A tentacled starspawn (Abyss:1)
  9 ancient champions
  13 death cobs
  5 Executioners
  4 sphinxes
  2 deep elf master archers (Elf:3)
  23 acid blobs
  3 tengu reavers
  A thorn hunter (Swamp:2)
  11 storm dragons
  3 revenants
  10 shadow dragons
  13 rockslimes
  10 azure jellies
  6 draconian monks
  2 draconian knights
  The ghost of browni3141 the Unseen, an adept KoAr of Gozag (Depths:2)
  9 frost giants
  8 fire giants
  3 demonspawn warmongers
  6 nagarajas
  2 quicksilver elementals (Zig:8)
  4 deep elf sorcerers
  13 vault wardens
  An iron dragon (Vaults:5)
  A caustic shrike zombie (Crypt:2)
  7 draconian scorchers
  Aizul (Depths:1)
  A curse skull (Crypt:1)
  5 orc warlords
  6 ghouls
  14 quicksilver oozes
  7 deep elf elementalists
  2 draconian stormcallers (Zot:3)
  6 ghost moths
  A cacodemon (Depths:2)
  6 draconian annihilators
  2 broodmothers (Zig:11)
  4 war gargoyles
  2 demonspawn blood saints
  A juggernaut skeleton (Crypt:2)
  32 very ugly things
  16 stone giants
  12 ironbound thunderhulks
  5 draconian shifters
  A spriggan defender (Depths:2)
  2 demonspawn corrupters
  16 ironbound preservers
  5 reapers
  8 green draconians
  A caustic shrike skeleton (Depths:3)
  A lorocyproca (Zig:9)
  A putrid mouth (Depths:4)
  8 black draconians
  A wendigo (Hell)
  5 vampire knights
  2 bennus (Zig:12)
  10 deep elf demonologists
  6 deep elf annihilators
  A minotaur (Gauntlet)
  A rockslime zombie (Crypt:3)
  12 purple draconians
  3 bunyips
  An eleionoma (Zig:2)
  17 dire elephants
  5 spark wasps
  6 yellow draconians
  10 white draconians
  5 red draconians
  7 eidola
  13 ettins
  3 blizzard demons
  3 crystal guardians
  6 green deaths
  6 mummy priests
  11 deep elf death magi
  A shambling mangrove (Swamp:4)
  A spriggan zombie (Crypt:1)
  5 iron golems (Hell)
  Josephine (D:13)
  13 jiangshi
  4 entropy weavers
  6 deep elf high priests
  11 yaktaur captains
  4 rakshasas
  A fire dragon (Depths:3)
  Harold (Orc:1)
  12 hydras
  5 hell beasts
  11 great orbs of eyes
  A radroach (Zig:11)
  3 quicksilver dragon skeletons (Crypt:2)
  3 spriggan air magi
  Fannar (Lair:2)
  6 salamander tyrants
  Erolcha (Orc:1)
  4 death knights
  3 ogre magi
  11 ice dragons
  6 ironbound frosthearts
  2 peacekeepers
  2 caustic shrike simulacra (Hell)
  8 two-headed ogres
  2 boulder beetles
  An alligator (shapeshifter) (Elf:1)
  32 vault guards
  12 centaur warriors
  31 dancing weapons
  10 naga warriors
  An Orb Guardian skeleton (Crypt:1)
  5 alligators
  9 death yaks
  5 deep troll shamans
  2 deep troll earth magi (Depths:4)
  3 shock serpents
  A death scarab (Zig:5)
  4 large abominations
  3 tengu warriors
  8 vampire magi
  4 orc high priests
  6 soul eaters
  Sonja (D:13)
  4 spriggan berserkers
  24 deep elf knights
  A thrashing horror (Abyss:1)
  17 naga sharpshooters
  11 hell knights
  11 iron trolls
  2 shadow wraiths (Crypt:3)
  A titan skeleton (Crypt:1)
  A crystal echidna (Zig:8)
  8 sun demons
  13 skeletal warriors
  2 salamander mystics
  An anaconda zombie (Crypt:2)
  A quicksilver dragon simulacrum (Hell)
  56 deep trolls
  2 shadow demons
  2 sixfirhies
  A goliath frog (Swamp:2)
  12 flayed ghosts
  3 orb spiders (Zig:11)
  10 wizards
  A spriggan druid (Swamp:4)
  5 swamp dragons (Swamp:4)
  4 glowing orange brains
  2 orange crystal statues (Zig:9)
  5 lindwurms (Vaults:2)
  5 naga ritualists
  A bunyip skeleton (Crypt:3)
  12 phantasmal warriors
  9 bog bodies
  16 deep elf archers
  An obsidian statue (Zig:9)
  4 harpies
  A golden dragon skeleton (Crypt:2)
  5 starcursed masses (Abyss:1)
  20 ironbound convokers
  5 orc knights
  4 mana vipers
  A shadow dragon zombie (Vaults:4)
  7 necromancers
  7 shining eyes
  A steelbarb worm (Zig:11)
  27 deep elf pyromancers
  26 deep elf zephyrmancers
  4 nameless horrors
  2 wolf spiders (Zig:11)
  A stone giant zombie (Vaults:4)
  4 cyclopes
  44 ugly things
  3 will-o-the-wisps
  A worldbinder (Gauntlet)
  18 salamanders
  17 moths of wrath
  3 orc sorcerers
  A wolf spider (shapeshifter) (Vaults:5)
  4 manticores
  A fire giant zombie (Depths:3)
  A frost giant zombie (Depths:3)
  An iron dragon skeleton (Zig:12)
  8 elephants (Lair:5)
  A guardian serpent (shapeshifter) (Vaults:5)
  2 rust devils (Hell)
  A dire elephant zombie (Crypt:1)
  16 black mambas
  A guardian serpent (Snake:3)
  15 naga magi
  5 molten gargoyles (Hell)
  An ice statue (Zig:9)
  An elephant slug zombie (Crypt:2)
  3 eyes of devastation
  2 human zombies (Vaults:4)
  2 gargoyles
  10 apocalypse crabs (Depths:3)
  18 vault sentinels
  6 cane toads
  A centaur skeleton (Crypt:3)
  7 smoke demons
  A demonic crawler (Zig:11)
  Maggie (D:6)
  3 orange demons
  4 hellions
  An unseen horror (D:11)
  A torpor snail (Zig:11)
  4 rime drakes
  A komodo dragon (shapeshifter) (Elf:1)
  7 freezing wraiths
  7 komodo dragons
  An efreet (D:13)
  A pale draconian skeleton (Crypt:3)
  A bunyip simulacrum (Hell)
  35 yaktaurs
  A minotaur skeleton (Crypt:3)
  3 tormentors
  A tengu conjurer (D:14)
  A green draconian skeleton (Crypt:1)
  22 guardian mummies
  11 trolls
  2 trolls (shapeshifter)
  2 bloated husks
  A shadow dragon simulacrum (Crypt:3)
  A polar bear (Lair:5)
  A sphinx simulacrum (Depths:3)
  A tarantella (shapeshifter) (D:15)
  6 hornets
  5 tyrant leeches
  A tyrant leech (shapeshifter) (Vaults:5)
  2 harpy skeletons (Crypt:1)
  19 blink frogs
  A radroach zombie (Crypt:1)
  103 slime creatures
  A hydra skeleton (Crypt:3)
  6 dream sheep (Lair:4)
  4 jumping spiders
  3 flying skulls
  A guardian serpent zombie (Crypt:1)
  14 spriggans
  A culicivora (Zig:11)
  A jumping spider (shapeshifter) (D:14)
  A vampire (D:12)
  6 fire dragon skeletons (Crypt:2)
  A shadow (D:11)
  An ettin skeleton (Crypt:1)
  An air elemental (Elf:1)
  15 wraiths
  A hog (Swamp:3)
  5 small abominations
  3 water elementals
  A dire elephant simulacrum (Crypt:3)
  6 ushabtiu
  7 basilisks
  5 wyverns
  2 naga simulacra
  2 fire bats (Abyss:1)
  9 golden eyes
  4 redbacks
  27 yaks
  3 fire elementals
  4 steam dragons
  4 chaos spawn (Pan)
  A wind drake skeleton (Crypt:3)
  12 vampire mosquitoes
  5 neqoxecs
  A spatial vortex (Abyss:1)
  A redback (shapeshifter) (Depths:2)
  43 nagas
  7 wargs
  A harpy simulacrum (Hell)
  14 swamp worms
  2 acid dragons
  8 hydra simulacra (Depths:2)
  A water nymph skeleton (Crypt:1)
  A floating eye (Depths:3)
  8 water moccasins
  A glowing shapeshifter skeleton (Vaults:4)
  30 orc warriors
  2 sky beasts
  A fire dragon simulacrum (Hell)
  3 black bears (D:5)
  A swamp drake (Swamp:4)
  4 ice beasts
  An ettin simulacrum (Hell)
  A hornet zombie (Ossuary)
  17 ogres
  3 boggarts
  A swamp dragon zombie (Crypt:1)
  24 centaurs
  5 wolves (Lair:1)
  2 phantoms
  5 kobold brigands
  A draconian zombie (Crypt:3)
  An elf zombie (Crypt:2)
  5 bullfrogs
  5 earth elementals
  A gnoll sergeant (D:10)
  3 wyvern zombies (Ossuary)
  A cyclops zombie (Crypt:2)
  A necrophage (Crypt:2)
  3 scorpions
  A water moccasin skeleton (Crypt:3)
  4 killer bees
  A queen bee zombie (Crypt:1)
  An electric eel (Lair:3)
  5 centaur zombies
  6 howler monkeys
  8 bullfrog zombies (Ossuary)
  2 gnoll boudas
  A black bear zombie (Crypt:2)
  5 hounds
  2 jellies
  A basilisk zombie (Crypt:3)
  13 orc priests
  20 orc wizards
  A scorpion zombie (Crypt:2)
  An iguana (D:6)
  2 killer bee zombies (Ossuary)
  A deep dwarf skeleton (Crypt:3)
  31 mummies
  A howler monkey zombie (Ossuary)
  8 adders
  27 gnolls
  A steam dragon zombie (Crypt:2)
  2 shadow imps
  3 white imps
  An ufetubus (D:4)
  A worm (D:4)
  A dart slug (D:4)
  120 orcs
  7 bats (D:1)
  2 endoplasms
  5 giant cockroaches
  A gnoll zombie (D:8)
  4 goblins
  7 hobgoblins
  3 jackals (D:1)
  58 kobolds
  8 quokkas
  7 ball pythons
  A ball python zombie (Crypt:2)
  2 frilled lizards
  A jackal skeleton (Crypt:3)
  A jackal zombie (D:8)
  A kobold skeleton (Crypt:1)
  An orc zombie (Crypt:1)
  5 rats
  A rat zombie (D:8)
  A lurking horror (Abyss:1)
  5 plants
  A starspawn tentacle (Abyss:1)
2412 creatures vanquished.

Vanquished Creatures (collateral kills)
  An orb of fire (Zot:5)
  2 Killer Klowns
  A caustic shrike (shapeshifter) (Vaults:1)
  4 golden dragons
  A bone dragon (Depths:4)
  An electric golem (Zot:5)
  2 tentacled monstrosities
  8 Orb Guardians (Zot:5)
  A deep elf blademaster (Elf:3)
  A death cob (Zot:1)
  5 acid blobs (Slime:5)
  Kirke (Swamp:3)
  3 shadow dragons
  2 storm dragons
  A fire giant (Depths:3)
  An azure jelly (Slime:5)
  A rockslime (Slime:5)
  2 nagarajas (Snake:4)
  A draconian monk (Zot:1)
  A deep elf sorcerer (Elf:3)
  A draconian shifter (Zot:4)
  3 ghouls
  An ironbound preserver (Vaults:3)
  A draconian annihilator (Zot:4)
  2 demonspawn corrupters
  2 draconian stormcallers
  3 deep elf demonologists
  A white draconian (Zot:1)
  A green draconian (Zot:1)
  2 eleionomae
  Nessos (Orc:2)
  3 black draconians
  A dire elephant (Vaults:1)
  4 yellow draconians
  3 deep elf annihilators (Elf:3)
  2 bunyips
  3 purple draconians
  A red draconian (Zot:2)
  A spark wasp (Depths:2)
  A blizzard demon (Abyss:1)
  A fire dragon (Depths:2)
  A deep elf high priest (Elf:1)
  An entropy weaver (Vaults:4)
  A great orb of eyes (Slime:5)
  An ice dragon (Depths:2)
  A yaktaur captain (Vaults:3)
  2 ghost crabs
  7 hydras (Swamp:4)
  3 anacondas
  3 salamander tyrants
  4 alligators
  5 dancing weapons
  4 naga warriors
  5 two-headed ogres (Orc:2)
  4 shock serpents
  A deep troll earth mage (Depths:2)
  10 naga sharpshooters
  4 spriggans
  A wretched star (Abyss:1)
  2 salamander mystics
  5 deep elf knights
  An iron troll (Depths:1)
  2 deep trolls
  3 goliath frogs
  2 spriggan druids
  4 swamp dragons
  4 naga ritualists
  9 bog bodies
  2 orc knights (Vaults:1)
  An ironbound convoker (Vaults:1)
  A harpy (shapeshifter) (Elf:1)
  A mana viper (Snake:1)
  5 deep elf archers
  A necromancer (Crypt:1)
  8 deep elf pyromancers
  3 deep elf zephyrmancers
  2 will-o-the-wisps
  A large abomination (Abyss:1)
  9 salamanders
  A cyclops (Orc:2)
  4 moths of wrath
  5 black mambas
  A guardian serpent (Snake:4)
  12 naga magi
  A nameless horror (Snake:2)
  2 vault sentinels
  A storm dragon simulacrum (Crypt:1)
  A freezing wraith (D:15)
  A tormentor (Depths:4)
  5 trolls (Orc:2)
  A tyrant leech (Swamp:1)
  5 hornets
  10 slime creatures
  A ynoxinul (Abyss:1)
  An orc simulacrum (Crypt:1)
  2 air elementals (Elf:2)
  2 hogs (Swamp:3)
  A vampire mosquito (Swamp:1)
  A basilisk (D:15)
  A starcursed mass (Abyss:1)
  6 swamp worms
  23 nagas
  6 swamp drakes (Swamp:4)
  5 orc warriors
  4 ogres (Orc:2)
  A small abomination (Abyss:1)
  2 boggarts (D:15)
  A fire crab zombie (Crypt:1)
  3 earth elementals
  An orc priest (Orc:2)
  2 orc wizards (Orc:2)
  2 gnolls (Orc:2)
  4 orcs (Orc:2)
321 creatures vanquished.

Vanquished Creatures (others)
  A pandemonium lord (Zig:9)
  A Brimstone Fiend (Zig:9)
  A ghost moth (Zot:4)
  2 demonspawn blood saints (Zig:9)
  3 bloated husks (Swamp:1)
  A hornet (Swamp:1)
  An air elemental (Elf:1)
  A swamp worm (Swamp:1)
  An orc wizard (Orc:1)
  An orc (Elf:1)
  3 ball lightnings (Zig:9)
  5 bushes
  4 demonic plants (Gauntlet)
  8 fire vortices
  6 foxfires
  24 fungi
  47 plants
  A starspawn tentacle (Abyss:1)
  7 withered plants (Ossuary)
118 creatures vanquished.

Grand Total: 2851 creatures vanquished

Notes
Turn   | Place    | Note
-------+----------+-------------------------------------------
     0 | D:1      | oldriver the Draconian Earth Elementalist began the quest
                  | for the Orb.
     0 | D:1      | Reached XP level 1. HP: 14/14 MP: 3/3
   201 | D:1      | Reached XP level 2. HP: 22/22 MP: 0/5
   319 | D:1      | Reached skill level 1 in Fighting
   953 | D:2      | Reached XP level 3. HP: 22/28 MP: 0/6
  1907 | D:3      | Reached XP level 4. HP: 26/37 MP: 2/8
  2076 | D:2      | Reached skill level 4 in Earth Magic
  2260 | D:2      | Learned a level 2 spell: Passwall
  2264 | D:2      | Learned a level 3 spell: Stone Arrow
  2281 | D:3      | Reached XP level 5. HP: 17/44 MP: 1/9
  2633 | D:3      | Found Boic's General Store.
  3044 | D:3      | Identified the +0 cloak of Panentheism {rF+ Str+4 Int+2
                  | Dex-2}
  3467 | D:3      | Reached XP level 6. HP: 45/51 MP: 11/11
  3669 | D:4      | Found a shimmering altar of Xom.
  3836 | D:4      | Found a shimmering altar of Xom.
  4053 | D:4      | Found a white marble altar of Elyvilon.
  4134 | D:4      | Reached skill level 1 in Conjurations
  4151 | D:5      | Entered Level 5 of the Dungeon
  4231 | D:5      | Reached skill level 5 in Earth Magic
  4239 | D:5      | Your scales start taking on a dull iron-grey colour.
  4239 | D:5      | Reached skill level 6 in Earth Magic
  4239 | D:5      | Reached XP level 7. HP: 60/60 MP: 8/13
  4550 | D:5      | Reached skill level 5 in Fighting
  4597 | D:4      | Reached skill level 5 in Spellcasting
  4837 | D:4      | Reached skill level 7 in Earth Magic
  5219 | D:4      | Reached XP level 8. HP: 52/68 MP: 9/16
  5866 | D:5      | Reached skill level 8 in Earth Magic
  6010 | D:5      | Found a glowing silver altar of Zin.
  6010 | D:5      | Found a sparkling altar of Nemelex Xobeh.
  6222 | D:5      | Noticed a troll
  6230 | D:5      | Killed a troll
  6231 | D:5      | Reached skill level 9 in Earth Magic
  6401 | D:5      | Found a basalt altar of Yredelemnul.
  6428 | D:5      | Reached XP level 9. HP: 74/74 MP: 16/19
  6465 | D:5      | Reached skill level 10 in Earth Magic
  7061 | D:6      | Found a hide-covered altar of Uskayaw.
  7103 | D:6      | Noticed Maggie
  7112 | D:6      | Killed Maggie
  7113 | D:6      | Reached skill level 11 in Earth Magic
  7698 | D:7      | Found a staircase to the Ecumenical Temple.
  7721 | Temple   | Entered the Ecumenical Temple
  7753 | Temple   | Became a worshipper of Vehumet
  7986 | D:7      | Reached skill level 12 in Earth Magic
  8330 | D:8      | Reached XP level 10. HP: 83/83 MP: 18/21
  8384 | D:8      | Noticed a gargoyle
  8390 | D:8      | Killed a gargoyle
  8496 | D:8      | Found a sand-covered staircase.
  8499 | D:8      | Reached * piety under Vehumet
  8499 | D:8      | Offered knowledge of Kiss of Death by Vehumet.
  8508 | Ossuary  | Entered an ossuary
  8935 | Ossuary  | Reached skill level 13 in Earth Magic
  9789 | D:8      | Found a blossoming altar of Fedhas.
  9812 | D:8      | Noticed an oklob plant
  9948 | D:8      | Reached ** piety under Vehumet
  9948 | D:8      | Offered knowledge of Scorch by Vehumet.
 10288 | D:8      | Found a shadowy altar of Dithmenos.
 10294 | D:8      | Noticed a two-headed ogre
 10300 | D:8      | Killed a two-headed ogre
 10301 | D:8      | Reached skill level 14 in Earth Magic
 10448 | D:8      | Found a hazy altar of Hepliaklqana.
 11097 | D:9      | Reached skill level 1 in Shields
 11097 | D:9      | Reached skill level 15 in Earth Magic
 11357 | D:9      | Found a burning altar of Makhleb.
 11834 | D:9      | Reached XP level 11. HP: 91/91 MP: 20/23
 12146 | D:10     | Entered Level 10 of the Dungeon
 12281 | D:10     | Found a flagged portal.
 12293 | Bailey   | Entered a bailey
 12328 | Bailey   | Offered knowledge of Kindle Blastsparks by Vehumet.
 12464 | Bailey   | Reached skill level 5 in Conjurations
 12560 | Bailey   | Reached *** piety under Vehumet
 12587 | Bailey   | Noticed an orc knight
 12589 | Bailey   | an orc knight changed into a jumping spider
 13304 | D:10     | Offered knowledge of Hailstorm by Vehumet.
 13510 | D:10     | Learned a level 6 spell: Iron Shot
 13518 | D:10     | Learned a level 7 spell: Spellforged Servitor
 13572 | D:11     | Found a staircase to the Lair.
 13602 | D:11     | Found Qaumm's Weapon Shoppe.
 13628 | D:11     | Noticed a two-headed ogre
 13636 | D:11     | Killed a two-headed ogre
 13733 | D:11     | Reached skill level 1 in Summonings
 13758 | D:11     | Found Qoeploegh's Weapon Shop.
 13824 | D:11     | Found Orhah's Assorted Antiques.
 13835 | D:11     | Bought a lumpy bronze amulet for 160 gold pieces
 13862 | D:11     | Found Liz Ocy's Antique Weapon Emporium.
 13870 | D:11     | Bought a glimmering trident for 255 gold pieces
 13870 | D:11     | Identified the +7 trident "Nonkadgh" {flame, rCorr Int+3}
                  | (You bought it in a shop on level 11 of the Dungeon)
 14166 | D:11     | Found Peoruog's Antique Weapon Emporium.
 14187 | D:11     | Noticed a brown ugly thing
 14194 | D:11     | Killed a brown ugly thing
 14622 | Lair:1   | Entered Level 1 of the Lair of Beasts
 15419 | Lair:1   | Reached **** piety under Vehumet
 15426 | Lair:1   | Reached skill level 16 in Earth Magic
 15433 | Lair:1   | Offered knowledge of Olgreb's Toxic Radiance by Vehumet.
 15436 | Lair:1   | Reached skill level 10 in Spellcasting
 15554 | Lair:1   | Learned a level 4 spell: Olgreb's Toxic Radiance
 15791 | Lair:1   | Reached XP level 12. HP: 103/103 MP: 14/26
 15798 | Lair:1   | Reached skill level 1 in Poison Magic
 16186 | Lair:2   | Found a staircase to the Snake Pit.
 16427 | Lair:2   | Noticed Fannar
 16435 | Lair:2   | Killed Fannar
 17739 | Lair:3   | Noticed a death yak
 17739 | Lair:3   | Noticed a death yak
 17739 | Lair:3   | Noticed a death yak
 17739 | Lair:3   | Noticed a death yak
 17757 | Lair:3   | Killed a death yak
 17757 | Lair:3   | Noticed a death yak
 17767 | Lair:2   | Killed a death yak
 18083 | Lair:3   | Found a staircase to the Swamp.
 18131 | Lair:3   | Reached skill level 10 in Fighting
 18564 | Lair:4   | Noticed a death yak
 18564 | Lair:4   | Noticed a six-headed hydra
 18564 | Lair:4   | Noticed a death yak
 18565 | Lair:4   | Noticed a death yak
 18595 | Lair:4   | Reached ***** piety under Vehumet
 18864 | Lair:4   | Noticed a five-headed hydra
 18890 | Lair:3   | Reached skill level 5 in Poison Magic
 18910 | Lair:3   | Killed a death yak
 18931 | Lair:3   | Killed a death yak
 19072 | Lair:3   | Killed a death yak
 19072 | Lair:3   | Offered knowledge of Yara's Violent Unravelling by Vehumet.
 19174 | Lair:4   | Killed a five-headed hydra
 19429 | Lair:4   | Reached XP level 13. HP: 66/113 MP: 21/28
 20026 | Lair:4   | Reached skill level 5 in Summonings
 20689 | D:12     | Found Ynte's Armour Boutique.
 20689 | D:12     | Found a staircase to the Orcish Mines.
 20776 | D:12     | Found Xavyruemp's Weapon Boutique.
 21106 | D:12     | Found Ybbuic's Assorted Antiques.
 21619 | D:12     | Found a portal to a secret trove of treasure.
 22432 | Orc:1    | Entered Level 1 of the Orcish Mines
 22507 | Orc:2    | Entered Level 2 of the Orcish Mines
 22507 | Orc:2    | Noticed an ettin
 22507 | Orc:2    | Found Onkaeg Qecky's Jewellery Shop.
 22507 | Orc:2    | Found Umoilidu's Weapon Emporium.
 22519 | Orc:1    | Noticed Erolcha
 22526 | Orc:1    | Killed Erolcha
 22938 | Orc:1    | Noticed an orc warlord
 22947 | Orc:1    | Killed an orc warlord
 23039 | Orc:2    | Found Kewe's Antique Armour Shoppe.
 23317 | Orc:1    | Offered knowledge of Starburst by Vehumet.
 23324 | Orc:1    | Learned a level 5 spell: Borgnjor's Vile Clutch
 23409 | Orc:2    | Reached skill level 5 in Dodging
 23620 | Orc:2    | Paralysed by something for 5 turns
 24071 | Orc:2    | Found Xaesij's Magic Scroll Emporium.
 24071 | Orc:2    | Found Luam's Book Shoppe.
 24075 | Orc:2    | Found a staircase to the Elven Halls.
 24079 | Orc:2    | Bought a scroll of magic mapping for 90 gold pieces
 24079 | Orc:2    | Bought a scroll of teleportation for 36 gold pieces
 24112 | Orc:2    | Reached XP level 14. HP: 122/122 MP: 22/30
 24605 | Orc:2    | Noticed Nessos
 24619 | Orc:2    | Killed Nessos
 24988 | Orc:1    | Noticed Harold
 24999 | Orc:1    | Killed Harold
 25273 | Orc:1    | Reached ****** piety under Vehumet
 25552 | D:11     | Bought a shimmering falchion for 312 gold pieces
 25552 | D:11     | Identified the +1 falchion "Biriz" {freeze, Fragile +Blink
                  | Int+4} (You bought it in a shop on level 11 of the Dungeon)
 25570 | D:12     | Learned a level 6 spell: Starburst
 25693 | Orc:2    | Bought an amulet of magic regeneration for 390 gold pieces
 25693 | Orc:2    | Bought a +6 ring of intelligence for 468 gold pieces
 25766 | D:13     | Noticed Josephine
 25778 | D:13     | Noticed Sonja
 25818 | D:13     | Killed Sonja
 25892 | D:13     | Killed Josephine
 26779 | D:14     | Found a gate to the Vaults.
 26944 | D:14     | Identified the +0 hat of Xom's Felicitations {Contam rF+
                  | Str+2 Dex+7}
 27677 | D:15     | Entered Level 15 of the Dungeon
 27709 | D:15     | Found a gate leading to a gauntlet.
 27723 | Gauntlet | Entered a Gauntlet
 27723 | Gauntlet | Found a transporter.
 27723 | Gauntlet | Found a runed translucent gate.
 27723 | Gauntlet | Found a runed translucent gate.
 27727 | Gauntlet | Found a runed translucent gate.
 27730 | Gauntlet | Found a transporter.
 27732 | Gauntlet | Found a transporter.
 27743 | Gauntlet | Found a transporter.
 27746 | Gauntlet | Found a transporter.
 27757 | Gauntlet | Found a transporter.
 27775 | Gauntlet | Found a transporter.
 27787 | Gauntlet | Found a transporter.
 27794 | Gauntlet | Found a transporter.
 27816 | Gauntlet | Found a transporter.
 27830 | Gauntlet | Found a transporter.
 27832 | Gauntlet | Found a transporter.
 27878 | Gauntlet | Found a transporter.
 27892 | Gauntlet | Found a transporter.
 28129 | Gauntlet | Identified the ring of Tehijeor {rElec Str+6 Dex+2}
 28571 | D:14     | Reached skill level 10 in Conjurations
 28799 | D:15     | Reached XP level 15. HP: 133/133 MP: 14/32
 29825 | D:15     | Found a staircase to the Depths.
 30251 | Lair:5   | Entered Level 5 of the Lair of Beasts
 30704 | Lair:5   | Found a viscous altar of Jiyva.
 30704 | Lair:5   | Found a staircase to the Slime Pits.
 30751 | Lair:5   | Offered knowledge of Lightning Bolt by Vehumet.
 31105 | D:12     | Bought a pair of glowing gloves for 180 gold pieces
 31226 | Snake:1  | Entered Level 1 of the Snake Pit
 31809 | Snake:1  | Reached skill level 17 in Earth Magic
 32128 | Snake:1  | Identified the +2 helmet of Hyuthoin {Will+ Int+2}
 32222 | Snake:1  | You fall into a shaft and drop 1 floor!
 32304 | Snake:2  | Noticed a nagaraja
 32320 | Snake:2  | Killed a nagaraja
 32321 | Snake:2  | Reached skill level 10 in Summonings
 32811 | Snake:1  | Found Decvuy's Self-Improvement Boutique.
 33109 | Snake:2  | Reached XP level 16. HP: 144/144 MP: 18/34
 33153 | Snake:2  | Found Ibbiop's Jewellery Emporium.
 33186 | Snake:2  | Found Xuviaxel's Book Boutique.
 33187 | Snake:2  | Found Igemoylu's Jewellery Emporium.
 33281 | Snake:2  | Bought a book of Alchemy for 364 gold pieces
 33287 | Snake:2  | Learned a level 5 spell: Irradiate
 33558 | Snake:2  | Reached skill level 5 in Stealth
 33558 | Snake:2  | Reached skill level 5 in Shields
 34465 | Snake:2  | Reached skill level 18 in Earth Magic
 34933 | Snake:3  | Offered knowledge of Conjure Ball Lightning by Vehumet.
 36825 | Swamp:1  | Entered Level 1 of the Swamp
 37513 | Swamp:1  | Reached skill level 1 in Evocations
 37800 | Swamp:2  | Reached skill level 15 in Spellcasting
 38045 | Swamp:2  | Noticed a thorn hunter
 38048 | Swamp:2  | Killed a thorn hunter
 38751 | Swamp:3  | Noticed Fiugearo's ghost (adept MiFi)
 38752 | Swamp:3  | Found a bloodstained altar of Trog.
 38758 | Swamp:3  | Found a transporter.
 38768 | Swamp:3  | Found a transporter.
 38777 | Swamp:3  | Reached skill level 19 in Earth Magic
 38943 | Swamp:3  | Identified a scroll of acquirement
 38947 | Swamp:3  | Identified the ring "Lanat" {+Blink rElec rF- EV+5 SInv}
 38990 | Swamp:3  | Reached XP level 17. HP: 146/152 MP: 18/36
 39019 | Swamp:3  | Acquired a staff of earth
 39221 | Swamp:3  | Noticed Kirke
 39254 | Swamp:3  | Killed Kirke
 39513 | Swamp:4  | Entered Level 4 of the Swamp
 39710 | Swamp:4  | Offered knowledge of Orb of Destruction by Vehumet.
 39719 | Swamp:4  | Learned a level 5 spell: Lee's Rapid Deconstruction
 40208 | Swamp:4  | Reached skill level 5 in Evocations
 40314 | Swamp:4  | Reached skill level 20 in Earth Magic
 40885 | Swamp:4  | Offered knowledge of Ozocubu's Refrigeration by Vehumet.
 40964 | Swamp:4  | Noticed the 27-headed Lernaean hydra
 40969 | Swamp:4  | Killed the 27-headed Lernaean hydra
 41002 | Swamp:4  | Got a decaying rune of Zot
 41066 | Swamp:4  | Learned a level 7 spell: Ozocubu's Refrigeration
 41236 | Snake:4  | Entered Level 4 of the Snake Pit
 42339 | Snake:4  | Reached XP level 18. HP: 139/161 MP: 20/38
 42478 | Snake:4  | Found Qaypuo's Jewellery Shoppe.
 42562 | Snake:4  | Found Kutus's Antique Weapon Boutique.
 42565 | Snake:4  | Found Qulig's Antique Weapon Boutique.
 42565 | Snake:4  | Found Otritiro's Weapon Shop.
 42570 | Snake:4  | Found Semaobuu's Magic Scroll Shop.
 42576 | Snake:4  | Bought a scroll of teleportation for 39 gold pieces
 42576 | Snake:4  | Bought a scroll of teleportation for 39 gold pieces
 42576 | Snake:4  | Bought a scroll of blinking for 97 gold pieces
 43130 | Snake:4  | Got a serpentine rune of Zot
 43160 | Snake:4  | Offered knowledge of Lehudib's Crystal Spear by Vehumet.
 43348 | Snake:4  | Learned a level 8 spell: Lehudib's Crystal Spear
 43691 | Elf:1    | Entered Level 1 of the Elven Halls
 43922 | Elf:1    | Found Isuineam's General Store.
 44293 | Elf:1    | Reached skill level 15 in Fighting
 44789 | Elf:1    | Found a huge runed translucent gate.
 44799 | Elf:1    | Found a huge runed translucent gate.
 44800 | Elf:1    | Found a huge runed translucent gate.
 44800 | Elf:1    | Found a huge runed translucent gate.
 44800 | Elf:1    | Found a huge runed translucent gate.
 44801 | Elf:1    | Found a huge runed translucent gate.
 44801 | Elf:1    | Found a huge runed translucent gate.
 44802 | Elf:1    | Found a huge runed translucent gate.
 45182 | Elf:1    | Identified the +4 robe "Inaje" {Rampage Int+4 Slay-2 SInv}
 45262 | Elf:1    | Found a runed translucent gate.
 45262 | Elf:1    | Found a runed translucent gate.
 45262 | Elf:1    | Found a runed translucent gate.
 45262 | Elf:1    | Found a runed translucent gate.
 45262 | Elf:1    | Found a runed translucent gate.
 45264 | Elf:1    | Found a runed translucent gate.
 45442 | Elf:1    | Identified the +1 double sword of Extermination {drain,
                  | rPois}
 45898 | Elf:2    | Paralysed by an air elemental for 1 turns
 46523 | Elf:2    | Reached skill level 10 in Dodging
 46941 | Elf:2    | Offered knowledge of Shatter by Vehumet.
 46941 | Elf:2    | Offered knowledge of Chain Lightning by Vehumet.
 46941 | Elf:2    | Offered knowledge of Ignition by Vehumet.
 46994 | Elf:2    | Learned a level 9 spell: Shatter
 47035 | Elf:3    | Entered Level 3 of the Elven Halls
 47112 | Elf:3    | Reached skill level 15 in Conjurations
 47112 | Elf:3    | Reached XP level 19. HP: 172/172 MP: 36/40
 47654 | Elf:3    | Found Call's Distillery.
 47877 | Elf:3    | Reached skill level 21 in Earth Magic
 48027 | Elf:3    | Bought a potion of heal wounds for 60 gold pieces
 48674 | Elf:3    | Identified the +1 helmet of Doel {rC+ Stlth+}
 48679 | Elf:3    | Got the Quarto of Illusion
 48681 | Elf:3    | Identified the +1 robe of the Catfish {rC+ Str+3}
 48681 | Elf:3    | Found the amulet of Vitality {RegenMP++ Regen++}
 48742 | Elf:3    | Got Sif Muna's Precepts of Helpful Points
 49076 | Elf:3    | Reached skill level 22 in Earth Magic
 49076 | Elf:3    | Reached XP level 20. HP: 180/180 MP: 42/42
 49268 | Vaults:1 | Entered Level 1 of the Vaults
 49971 | Vaults:1 | a rockslime changed into a caustic shrike
 49971 | Vaults:1 | Noticed a caustic shrike (glowing shapeshifter)
 49977 | Vaults:1 | Killed a caustic shrike
 50027 | Vaults:1 | Reached XP level 21. HP: 165/188 MP: 43/43
 50030 | Vaults:1 | Reached skill level 23 in Earth Magic
 51050 | Vaults:2 | Reached skill level 24 in Earth Magic
 51472 | Vaults:2 | Found a staircase to the Crypt.
 52815 | Vaults:3 | Reached XP level 22. HP: 198/198 MP: 19/46
 52896 | Vaults:3 | Found Harhaw's Antique Weapon Shoppe.
 55051 | Vaults:5 | Entered Level 5 of the Vaults
 55124 | Vaults:5 | Reached skill level 25 in Earth Magic
 55126 | Vaults:5 | Noticed Xtahua
 55189 | Vaults:5 | Killed Xtahua
 55209 | Vaults:5 | Reached XP level 23. HP: 107/209 MP: 38/48
 55328 | Vaults:5 | Noticed Mara
 55357 | Vaults:5 | Noticed oldriver's illusion
 55357 | Vaults:5 | Killed Mara
 55530 | Vaults:5 | Identified the +0 ring mail of Whack-A-Mole {rF- rN+++
                  | Str+3 Stlth+}
 55605 | Vaults:5 | Identified the +2 chain mail of Xyadabb {-Cast Int-4 Dex+6
                  | SInv Stlth+}
 55866 | Vaults:5 | Got a silver rune of Zot
 55869 | Vaults:5 | Identified the +5 shortbow "Sociwnan" {antimagic, rF++ rC+
                  | Will- Str+2}
 56640 | Snake:1  | Bought a manual of Shields for 1200 gold pieces
 56686 | Snake:2  | Bought the ring "Zyem" {Wiz Fly rC- rN+++} for 531 gold
                  | pieces
 56739 | Snake:4  | Bought the ring "Uxoah" {rC+ MP+9} for 510 gold pieces
 57053 | Crypt:1  | Entered Level 1 of the Crypt
 58482 | Crypt:2  | Reached skill level 10 in Shields
 59107 | Crypt:2  | Identified the +0 quarterstaff of the Furious {heavy, rPois
                  | rC- Dex+3}
 59505 | Crypt:3  | Entered Level 3 of the Crypt
 59567 | Crypt:3  | Paralysed by a sphinx for 2 turns
 59709 | Crypt:3  | Found a staircase to the Tomb.
 59832 | Crypt:3  | Reached XP level 24. HP: 221/221 MP: 40/49
 60311 | Crypt:3  | Found a basalt altar of Yredelemnul.
 60317 | Crypt:3  | Found an ancient bone altar of Kikubaaqudgha.
 60334 | Crypt:3  | Identified the +8 scimitar "Teque" {heavy, rC+}
 60340 | Crypt:3  | Got Jokhulaf's Lessons on the Electric Lithosphere
 60394 | Crypt:3  | Identified the +8 short sword of Kinarph {freeze, rC+ rCorr
                  | Str+3}
 60712 | Crypt:3  | Acquired the ring of Vedume {rC+ rN+ Dex+3}
 60719 | Crypt:3  | Acquired Ymped's Verses on Bringing Forth
 61322 | Depths:1 | Entered Level 1 of the Depths
 61327 | Depths:1 | Noticed Aizul
 61330 | Depths:1 | Killed Aizul
 61634 | Depths:1 | Found a hide-covered altar of Uskayaw.
 61740 | Depths:1 | Found a gateway to Hell.
 61919 | Depths:1 | Found a sacrificial altar of Ru.
 62330 | Depths:2 | Noticed Vv
 62334 | Depths:2 | Killed Vv
 62679 | Depths:2 | Noticed a juggernaut
 62700 | Depths:2 | Killed a juggernaut
 62758 | Depths:2 | Identified the +5 great mace "Fifag" {freeze, rC++}
 62800 | Depths:2 | Noticed browni3141's ghost (adept KoAr)
 62801 | Depths:2 | Found a transporter.
 62805 | Depths:2 | Found a transporter.
 62805 | Depths:2 | Identified the +4 great mace "Hellblazer" {heavy, rN+++
                  | Will- MP+9 Int+3}
 62882 | Depths:2 | Found a one-way gate leading to the halls of Pandemonium.
 63068 | Depths:2 | Killed browni3141's ghost
 63091 | Depths:2 | Identified the +1 pair of gloves of Seoskeps {rElec}
 63455 | Elf:2    | Found a runed translucent gate.
 63455 | Elf:2    | Found a runed translucent gate.
 63456 | Elf:2    | Found a runed translucent gate.
 64040 | Elf:2    | Learned a level 8 spell: Ignition
 64391 | Depths:3 | Noticed Mennas
 64394 | Depths:3 | Reached skill level 1 in Fire Magic
 64400 | Depths:3 | Killed Mennas
 64401 | Depths:3 | Paralysed by a floating eye for 2 turns
 64416 | Depths:3 | Paralysed by a floating eye for 4 turns
 64618 | Depths:3 | Found Wierodu's Assorted Antiques.
 64821 | Depths:3 | Identified the +7 great sword of Zosmup {freeze, Will+}
 64909 | Depths:3 | Reached XP level 25. HP: 231/231 MP: 50/50
 65185 | Depths:3 | Found a one-way gate to the infinite horrors of the Abyss.
 65440 | Depths:3 | Paralysed by an apocalypse crab for 4 turns
 65569 | Depths:4 | Entered Level 4 of the Depths
 65577 | Depths:4 | Noticed a juggernaut
 65582 | Depths:4 | Killed a juggernaut
 65590 | Depths:4 | Reached skill level 26 in Earth Magic
 65646 | Depths:4 | Reached skill level 5 in Fire Magic
 65776 | Depths:4 | Found Bied Unu's Distillery.
 66053 | Depths:4 | Reached skill level 15 in Shields
 66235 | Depths:4 | Found a gate to the Realm of Zot.
 66382 | Depths:4 | Found a one-way gateway to a ziggurat.
 66460 | Zot:1    | Entered Level 1 of the Realm of Zot
 66769 | Zot:1    | Found a transporter.
 67493 | Zot:1    | Found a transporter.
 67742 | Zot:2    | Reached skill level 10 in Fire Magic
 68114 | Zot:2    | Found a glowing golden altar of the Shining One.
 68514 | Zot:2    | Acquired the ring "Ughokih" {rElec rPois rC+ Str+6 Dex+3}
 68516 | Zot:2    | Acquired a book of Death
 68709 | Zot:3    | Reached XP level 26. HP: 239/239 MP: 45/51
 69867 | Zot:4    | Found a runed translucent door.
 70372 | Zot:4    | Identified the +7 dagger of Zutiud {freeze, Dex+3}
 70499 | Zot:4    | Noticed Dawneret's ghost (master GnFi)
 70521 | Zot:4    | Learned a level 9 spell: Fire Storm
 70718 | Hell     | Entered the Vestibule of Hell
 70718 | Hell     | Noticed Geryon
 70728 | Hell     | Killed Geryon
 70825 | Hell     | Reached skill level 15 in Fire Magic
 71316 | Hell     | Found a gateway to the decaying netherworld of Tartarus.
 71455 | Hell     | Found a gateway to the Iron City of Dis.
 71562 | Hell     | Found a gateway to the ashen valley of Gehenna.
 71720 | Hell     | Found a gateway to the freezing wastes of Cocytus.
 71977 | Zot:5    | Entered Level 5 of the Realm of Zot
 72863 | Zot:5    | Noticed an ancient lich
 72863 | Zot:5    | Noticed a dread lich
 72874 | Zot:5    | Killed a dread lich
 72874 | Zot:5    | Killed an ancient lich
 72874 | Zot:5    | Noticed an orb of fire
 73327 | Slime:1  | Entered Level 1 of the Pits of Slime
 73558 | Slime:3  | Reached XP level 27. HP: 235/250 MP: 28/51
 73748 | Slime:4  | Gained mutation: Your magical capacity is low. (-10% MP) [a
                  | shining eye]
 73829 | Slime:5  | Entered Level 5 of the Pits of Slime
 74036 | Slime:5  | Noticed the Royal Jelly
 74045 | Slime:5  | Killed the Royal Jelly
 74163 | Slime:5  | Found the amulet of the Four Winds {rN+ Will+++ Clar}
 74252 | Slime:5  | Identified the ring "Osirov" {rF+++ rC+++ Will+ EV+5 Str-2}
 74300 | Slime:5  | Got the Octavo of Exhalation
 74302 | Slime:5  | Got a slimy rune of Zot
 74956 | Zig:1    | Entered Level 1 of a ziggurat
 74974 | Zig:2    | Entered Level 2 of a ziggurat
 74999 | Zig:3    | Entered Level 3 of a ziggurat
 75035 | Zig:4    | Entered Level 4 of a ziggurat
 75050 | Zig:4    | Identified the +11 dagger of Baet Fic {flame, rF+}
 75055 | Zig:5    | Entered Level 5 of a ziggurat
 75060 | Zig:5    | Noticed a royal mummy
 75065 | Zig:5    | Killed a royal mummy
 75147 | Zig:5    | Identified the +1 leather armour of Autumn {Harm}
 75149 | Zig:6    | Entered Level 6 of a ziggurat
 75156 | Zig:6    | Found the +8 arc blade {discharge, rElec}
 75191 | Zig:6    | Identified the ring "Atopn" {rElec rF+ rN+ Int-2 Slay+4}
 75207 | Zig:7    | Entered Level 7 of a ziggurat
 75228 | Zig:7    | Identified the +4 great mace of the Threshing Ass {freeze,
                  | rPois}
 75254 | Zig:8    | Entered Level 8 of a ziggurat
 75259 | Zig:8    | Noticed a dread lich
 75261 | Zig:8    | Killed a dread lich
 75306 | Zig:9    | Entered Level 9 of a ziggurat
 75312 | Zig:9    | Noticed Docoj Mara the pandemonium lord
 75319 | Zig:9    | Killed Docoj Mara the pandemonium lord
 75370 | Zig:9    | Identified the +2 morningstar "Lonek" {heavy, Fragile rPois
                  | rC+++ Dex+3}
 75377 | Zig:9    | Identified the +4 falchion "Duffirijesk" {flame, rF+ Dex+3
                  | Stlth+}
 75401 | Zig:10   | Entered Level 10 of a ziggurat
 75432 | Zig:10   | Got the Vellum of the Displaced Sphinx
 75470 | Zig:11   | Entered Level 11 of a ziggurat
 75521 | Zig:11   | Identified the ring of the Moon {rF+ rN+ Int+2}
 75543 | Zig:12   | Entered Level 12 of a ziggurat
 75549 | Zig:12   | Noticed a royal mummy
 75550 | Zig:12   | Noticed a royal mummy
 75550 | Zig:12   | Noticed a royal mummy
 75552 | Zig:12   | Killed a royal mummy
 75553 | Zig:12   | Noticed a royal mummy
 75554 | Zig:12   | Killed a royal mummy
 75554 | Zig:12   | Killed a royal mummy
 75559 | Zig:12   | Killed a royal mummy
 75644 | Zig:12   | Found the +18 shield of the Gong {Loud rN+ Will+ rCorr
                  | EV-5}
 75665 | Zig:12   | Identified the +6 dire flail of Bloody Death {heavy, rPois
                  | Str+6 Dex-2 Stlth+}
 75694 | Zig:13   | Entered Level 13 of a ziggurat
 75719 | Zig:13   | Identified the +7 halberd "Guegyl" {speed, rC+ Int+2 Dex+3}
 75724 | Zig:13   | Got the Omnibus of Fulgurous Chilblains
 75744 | Zig:14   | Entered Level 14 of a ziggurat
 75755 | Zig:14   | Noticed Tameam the pandemonium lord
 76055 | Zot:5    | Killed an orb of fire
 76233 | Zot:5    | Noticed an orb of fire
 76239 | Zot:5    | Killed an orb of fire
 76745 | Zot:5    | Noticed an orb of fire
 76749 | Zot:5    | Killed an orb of fire
 77072 | Zot:5    | Noticed an ancient lich
 77087 | Zot:5    | Killed an ancient lich
 77243 | Zot:5    | Noticed an ancient lich
 77246 | Zot:5    | Noticed an ancient lich
 77249 | Zot:5    | Killed an ancient lich
 77250 | Zot:5    | Reached skill level 10 in Evocations
 77253 | Zot:5    | Killed an ancient lich
 77295 | Zot:5    | Noticed an ancient lich
 77308 | Zot:5    | Killed an ancient lich
 77569 | Pan      | Entered Pandemonium
 77569 | Pan      | Identified the +3 short sword "Orb Guardian's Death"
                  | {flame, *Rage Dex+4 Stlth+}
 77569 | Pan      | Found an exit through the horrors of the Abyss.
 77638 | Pan      | Noticed Foxtem the pandemonium lord
 77638 | Pan      | Gained mutation: Potions are less effective at restoring
                  | your health. [a neqoxec]
 77639 | Pan      | Gained mutation: You are weak. (Str -2) [a neqoxec]
 77653 | Pan      | Took an exit into the Abyss.
 77653 | Abyss:1  | Escaped into the Abyss
 77745 | Abyss:1  | Found a radiant altar of Vehumet.
 78034 | Depths:2 | Escaped the Abyss
 78296 | Zot:5    | Got the Orb of Zot
 78355 | Zot:4    | Noticed Wojoa the pandemonium lord
 78696 | D:12     | Gained mutation: Your spells are a little easier to cast,
                  | but a little less powerful. [a neqoxec]
 78699 | D:12     | Lost mutation: Your spells are a little easier to cast, but
                  | a little less powerful. [potion of mutation]
 78699 | D:12     | Lost mutation: You are weak. (Str -2) [potion of mutation]
 78699 | D:12     | Lost mutation: Potions are less effective at restoring your
                  | health. [potion of mutation]
 78700 | D:12     | Lost mutation: Your magical capacity is low. (-10% MP)
                  | [potion of mutation]
 78700 | D:12     | Gained mutation: Your mind is acute. (Int +4, Str/Dex -1)
                  | [potion of mutation]
 78949 | D:$      | Escaped with the Orb!

Illustrated notes

Levels and vault maps discovered:
D:1:      scummos_arrival_simple_fountains, layout_loops_cross,
          hangedman_feature_mirror, nicolae_titane
D:2:      layout_basic
D:3:      layout_loops_cross, serial_shops, nicolae_shop_hallway_plus
D:4:      minmay_goblin_kobold_castle, layout_basic, overflow_temple_1_default,
          elyvilon_altar_4, minmay_ruined_shrine
D:5:      layout_basic, mainiacjoe_overflow_boulevard,
          chequers_temple_overflow_statue_of_worship, minmay_manual_macuahuitl
D:6:      layout_loops_ring, kennysheep_mini, uniq_maggie
D:7:      layout_rooms, minmay_temple_entry_sparse_star
D:8:      layout_loops_corners, nicolae_dithmenos_shadow_blocks,
          mainiacjoe_overflow_surrounded_room, tgw_fedhas, enter_ossuary_3,
          reono_crystal_passage, minmay_quadrilaterals
D:9:      layout_gridville, nicolae_overflow_hidden_temple,
          corexii_checkpoint_a, nrook_campfire
D:10:     layout_loops_ring, enter_bailey_4, kennysheep_generic_room_12
D:11:     layout_basic, lair_entry_dummy, serial_shops,
          nicolae_shop_bloodbath_and_beyond, nicolae_shop_crystal,
          nicolae_stop_n_shop_1, nicolae_shop_hallway_plus,
          nicolae_take_the_stairs
D:12:     layout_layer_cave, orc_david_3, nicolae_trove_entry_crossroad,
          serial_shops, nicolae_shop_window_shopping
D:13:     layout_rooms, uniq_josephine, uniq_sonja
D:14:     layout_basic, erik_vaults_1, serial_park_gazebo
          [serial_park_minivault_5x5_8]
D:15:     gammafunk_enter_depths_forms, layout_loops_ring,
          gauntlet_entry_generic, solitary_fountain
Temple:   hellmonk_temple_two_chambers
Lair:1:   layout_cave_pods
Lair:2:   layout_regular_city, nicolae_snake_entry_squirm, uniq_fannar
Lair:3:   layout_long_grid, swamp_mist_pool, infiniplex_staircase_pool
Lair:4:   layout_cave_pods, serial_bayou_shore_b, lemuel_fruit_fields,
          serial_bayou_shore_a
Lair:5:   gammafunk_lair_ancient_temple, layout_cave_pods,
          dpeg_slime_entry_corner, basic_altar
Swamp:1:  layout_basic_swamp, evilmike_swamp_ruin_house_3, swamp_pool1,
          nicolae_swamp_super_fun_site
Swamp:2:  layout_basic_swamp, serial_swamp_ruin, evilmike_swamp_ruin_house_4,
          evilmike_swamp_ruin_house_2, swamp_pool2, nicolae_swamp_little_tower
Swamp:3:  layout_basic_swamp, gammafunk_ghost_wrathful_warriors,
          evilmike_swamp_ruin_rubble_1, nicolae_swamp_bean_lake, uniq_kirke
Swamp:4:  grunt_swamp_rune_castle, layout_basic_swamp, swamp_pool3
Snake:1:  nicolae_snake_crotalidae_crossing, layout_grid_shapes,
          nicolae_snake_biting_tails, nicolae_shop_self_help
Snake:2:  layout_misc_corridors, nicolae_snake_squiggles,
          hangedman_snake_pattern, nicolae_snake_magic_snake_eye,
          minmay_shop_grove
Snake:3:  layout_layer_cave
Snake:4:  minmay_snake_end_coiled, layout_cave_town, serial_shops, shop,
          nicolae_snake_gridmaze_squiggle, minmay_shoptagon
Slime:1:  layout_caves
Slime:2:  layout_caves
Slime:3:  layout_caves
Slime:4:  layout_caves
Slime:5
Orc:1:    layout_caves, portal_ice_cave_rime, minmay_orc_barracks, uniq_harold,
          uniq_erolcha
Orc:2:    st_orc_open, layout_caves, serial_shops, nicolae_shop_crystal,
          uniq_nessos
Elf:1:    eino_elf_arrival_sip, layout_loops_corners, serial_shops,
          shop_fountains, orc_legates, grunt_ministairs_2,
          nicolae_elf_double_double_double_trouble
Elf:2:    nicolae_elf_blades_splatter_lattice
          [nicolae_blade_entry_crossed_weapons], layout_loops_cross
Elf:3:    grunt_elf_hall_asides, layout_loops_ring, serial_shops, shop,
          minivault_26
Vaults:1: nicolae_vaults_network_s, nicolae_vaults_little_squares_3,
          vaults_room_glass_cross, nicolae_vaults_arrows, grunt_vaults_funnel,
          v_rooms_2, nicolae_vaults_mini_display_case, vaults_room_door_ring,
          vaults_dpeg_encased_lava, nicolae_vaults_three_branches,
          nicolae_vaults_circle_grid_a, vaults_dpeg_doors,
          nicolae_vaults_circle_grid_a, v_misc_15, layout_vaults_maze_snakey
Vaults:2: hangedman_vaults_stretched_pinwheel, dpeg_vaults_monster_box,
          minmay_crypt_entry_simple_box, nicolae_vaults_network_barrier,
          nicolae_vaults_puzzle_piece, v_rooms_1, ontoclasm_vaults_gateway,
          hangedman_vaults_slice, ontoclasm_vaults_chip, layout_vaults_omnigrid
Vaults:3: v_misc_14, v_misc_12, vaults_dpeg_diagonal, v_misc_26, v_misc_2,
          nicolae_vaults_big_angled_halls, vaults_room_pool, v_alt_pattern_5,
          v_misc_29, hangedman_vaults_locks, vaults_dpeg_ring, serial_ice_b,
          v_misc_25, vaults_room_pools, vaults_dpeg_hooks,
          layout_vaults_big_cross, serial_shops, nicolae_lakefront_shop
Vaults:4: v_misc_26, v_misc_18, hangedman_vaults_restitches,
          ontoclasm_vaults_eye, hangedman_vaults_slice, vaults_room_hallway,
          grunt_vaults_hallway_short, v_pattern_5, vaults_room_hallway,
          grunt_vaults_hallway_short, nicolae_vaults_specimen_jars,
          layout_vaults_chaotic_city
Vaults:5: uniq_xtahua, uniq_mara
Crypt:1:  layout_regular_city, grunt_megastairs_4
Crypt:2:  cheibrodos_crypt_draghalla, layout_misc_corridors
Crypt:3:  lightli_unholy_cathedral, layout_chaotic_city,
          tomb_entry_sphere_bobbens
Depths:1: layout_cave_shapes, hell_entry, nicolae_uskayaw_suspiria,
          nicolae_ru_sacrificial_ziggurat, firewood_loft, uniq_aizul
Depths:2: cheibrodos_hall_of_evolution, layout_cave_shapes,
          rand_demon_pan_entry_9, amcnicky_mini_pool_small, hell_entry,
          gammafunk_ghost_smash, uniq_vv
Depths:3: gammafunk_mikee_crab_dinner, layout_gridlike, abyss_entry_crystal,
          minmay_misc_feat_iff, grunt_hell_entry_dis_old, minmay_shop_star,
          infiniplex_staircase_pool_lava, uniq_mennas
Depths:4: grunt_zot_entry_hairpin, layout_cave_pools, enter_ziggurat_a,
          minmay_misc_feat_five, hell_entry, serial_shops, shop,
          serial_bayou_shore_b
Hell
Zot:1:    layout_onion_interference, nicolae_diode_stairs, grunt_megastairs_3
Zot:2:    layout_twisted_circle, basic_altar
Zot:3:    layout_onion_interference
Zot:4:    layout_gridville, ebering_ghost_reflecting_pool
Zot:5:    layout_misc_corridors, st_stairs_9, grunt_ministairs_5

Skill      XL: |  1  2  3  4  5  6  7  8  9 10 11 12 13 14 15 16 17 18 19 20 21 22 23 24 25 26 27 |
---------------+----------------------------------------------------------------------------------+-----
Fighting       | 1 2 3 4 5 6 8 10 12 13 14 15 16 18 19 20 21 23 | 23.3
Spellcasting   | 3 4 5 7 8 10 11 12 13 14 15 16 17 18 20 21 22 23 24 25 | 25.9
Earth Magic    | 4 6 7 9 12 15 16 17 19 20 22 24 25 26 | 26.0
Conjurations   | 1 3 4 6 8 10 11 12 13 15 17 | 17.8
Stealth        | 3 4 6 |  6.0
Dodging        | 3 4 5 7 8 10 11 12 13 14 | 14.0
Shields        | 2 4 5 11 14 15 | 15.0
Summonings     | 3 4 7 8 10 | 10.0
Poison Magic   | 5 |  5.0
Evocations     | 3 6 10 | 10.8
Fire Magic     | 2 12 16 18 | 18.0
Transmutations | |  1.0

Action                     |  1- 3 |  4- 6 |  7- 9 | 10-12 | 13-15 | 16-18 | 19-21 | 22-24 | 25-27 || total
---------------------------+-------+-------+-------+-------+-------+-------+-------+-------+-------++-------
  Melee: Unarmed           |     9 |       |       |       |       |       |       |       |       ||     9
         Mace              |       |    27 |    20 |    27 |       |       |       |       |       ||    74
         Tailslap          |       |     2 |       |     9 |    16 |     9 |       |     2 |    11 ||    49
         Trident           |       |       |       |    44 |    82 |    43 |     8 |     6 |       ||   183
         Short sword       |       |       |       |       |       |       |       |     4 |    36 ||    40
         Morningstar       |       |       |       |       |       |       |       |       |     8 ||     8
   Cast: Sandblast         |    56 |   109 |   210 |   155 |    28 |     1 |       |       |       ||   559
         Stone Arrow       |       |       |    24 |   266 |   192 |       |       |       |       ||   482
         Olgreb's Toxic Ra |       |       |       |    32 |    26 |       |       |       |       ||    58
         Spellforged Servi |       |       |       |       |    39 |   140 |    18 |    22 |    60 ||   279
         Iron Shot         |       |       |       |       |   287 |   414 |    95 |   196 |   519 ||  1511
         Borgnjor's Vile C |       |       |       |       |     3 |     9 |     1 |     3 |       ||    16
         Starburst         |       |       |       |       |     3 |     1 |       |       |       ||     4
         Lee's Rapid Decon |       |       |       |       |       |     6 |       |       |     2 ||     8
         Irradiate         |       |       |       |       |       |     2 |       |       |       ||     2
         Shatter           |       |       |       |       |       |     6 |   210 |   436 |   307 ||   959
         Lehudib's Crystal |       |       |       |       |       |     4 |       |     8 |    42 ||    54
         Ignition          |       |       |       |       |       |       |       |       |    62 ||    62
         Fire Storm        |       |       |       |       |       |       |       |       |     8 ||     8
  Evoke: Wand              |       |       |       |     3 |     9 |       |       |     1 |       ||    13
         Phantom mirror    |       |       |       |       |       |     1 |     1 |     1 |       ||     3
         Condenser vane    |       |       |       |       |       |     1 |       |     1 |     4 ||     6
         Lightning rod     |       |       |       |       |       |     1 |       |       |    12 ||    13
         Tin of tremorston |       |       |       |       |       |       |       |       |     2 ||     2
    Use: Potion            |       |     6 |       |     1 |     2 |       |     1 |     3 |     7 ||    20
         Scroll            |       |     5 |    15 |    11 |     7 |     5 |       |     7 |    10 ||    60
   Stab: Invisible         |       |     3 |       |       |       |       |       |       |       ||     3
 Armour: Skin              |    17 |    41 |   125 |   184 |   201 |    78 |    32 |    58 |   226 ||   962
  Dodge: Dodged            |    41 |    69 |   114 |   174 |   232 |   130 |    70 |   151 |   331 ||  1312
  Block: Buckler           |       |       |       |    57 |   102 |   105 |    22 |    42 |       ||   328
         Kite shield       |       |       |       |       |       |       |       |    64 |   404 ||   468

Table legend: (Time is in decaauts)
 A = Elapsed time spent in this place.
 B = Non-inter-level travel time spent in this place.
 C = Inter-level travel time spent in this place.
 D = Time resting spent in this place.
 E = Time spent auto-exploring this place.
 F = Levels seen in this place.
 G = Mean time per level.
                   A        B        C        D        E       F      G
               +--------+--------+--------+--------+--------+-----+--------+
         Total |  79714 |  71452 |   8262 |  12994 |  44842 |  76 | 1048.9 |
       Dungeon |  21078 |  18254 |   2824 |   2259 |  13064 |  15 | 1405.2 |
        Temple |     38 |     32 |      6 |      0 |     19 |   1 |   38.0 |
          Lair |   7221 |   6471 |    750 |   1801 |   3939 |   5 | 1444.2 |
         Swamp |   4192 |   4057 |    135 |    463 |   2712 |   4 | 1048.0 |
     Snake Pit |   7898 |   7132 |    766 |   1184 |   4555 |   4 | 1974.5 |
    Slime Pits |   1280 |   1208 |     72 |    285 |    504 |   5 |  256.0 |
  Orcish Mines |   3337 |   3083 |    254 |    995 |   1464 |   2 | 1668.5 |
   Elven Halls |   6408 |   5974 |    434 |    986 |   3739 |   3 | 2136.0 |
        Vaults |   7603 |   7045 |    558 |    830 |   5062 |   5 | 1520.6 |
         Crypt |   3842 |   3465 |    377 |    767 |   2117 |   3 | 1280.7 |
        Depths |   5015 |   4246 |    769 |    617 |   2837 |   4 | 1253.8 |
          Hell |    695 |    690 |      5 |     40 |    493 |   1 |  695.0 |
           Zot |   7517 |   6209 |   1308 |   1683 |   2933 |   5 | 1503.4 |
         Abyss |    382 |    382 |      0 |    136 |    116 |   1 |  382.0 |
   Pandemonium |     83 |     83 |      0 |     16 |     42 |   1 |   83.0 |
      Ziggurat |    816 |    816 |      0 |     15 |    335 |  14 |   58.3 |
       Ossuary |   1240 |   1240 |      0 |    693 |    408 |   1 | 1240.0 |
        Bailey |    375 |    375 |      0 |     53 |    185 |   1 |  375.0 |
      Gauntlet |    684 |    684 |      0 |    170 |    317 |   1 |  684.0 |
               +--------+--------+--------+--------+--------+-----+--------+

Top non-repeatable levels by time:
    D:12: 2643 daAuts
   Elf:1: 2524 daAuts
 Snake:4: 2207 daAuts
   Zot:1: 2130 daAuts
   Elf:2: 2077 daAuts
 Snake:2: 2061 daAuts
    D:14: 2037 daAuts
   Zot:5: 2025 daAuts
     D:4: 1958 daAuts
 Snake:1: 1869 daAuts
   Elf:3: 1807 daAuts
  Lair:2: 1796 daAuts
 Snake:3: 1759 daAuts
Vaults:1: 1727 daAuts
  Lair:3: 1710 daAuts
